Reakly vs Oziligath

Match 21249627
End
Kettenkrad Recon Vehicle
Construct Infanterie Kompanie
Selects Breakthrough Battlegroup
Selects Assault Grenadiers
Grenadier Squad
Grenadier Squad
Grenadier Squad
MG 42 Machine Gun Team
Construct Luftwaffe Kompanie
Infanterie Officer Quarters
221 Scout Car
Selects Rapid Production
Support Elements
Wirbelwind Flakpanzer
Flak 30 Anti-aircraft Gun Team
Selects Smoke Bombing Run
Selects Incendiary Bombing Run
Construct Panzer Kompanie
Reakly
oziligath
0
0

Comments sign in to comment!

No comments posted yet!